AoeStats
← CNZS_98T

Pilgrims

508388725Analyzed
4v4 RM · 9d ago on Sep 22, 2026· 47m 16s· 8 players
Game mode
Random Map
Map size
Large (8 player)
Population
200
Speed
Normal
Resources
Standard
Victory
Conquest
Starting age
Dark Age
Ending age
Imperial Age
RankedLock teamsTeams togetherTeam positionsShared explorationLock speedFull tech treeHidden civsTurbo modeCheats
Victory
Defeat
🇳🇱 Tupi · Netherlands
1926
+8
🇸🇪 Bulgarians · Sweden
1893
+9
🇩🇪 Wei · Germany
1651
+19
🇲🇽 Khitans · Mexico
1575
+22
🇧🇬 Hindustanis · Bulgaria
1819
-18
🇨🇳 Poles · China
1729
-15
🇨🇳 Italians · China
1690
-13
🇪🇸 Persians · Spain
1658
-12
day in, day out
4:19 Loom
11:42 Feudal Age
12:38 Double-Bit Axe
15:24 Castle Age
17:00 Bow Saw
16:47 Horse Collar
20:53 Scale Barding Armor
22:38 Szlachta Privileges
23:00 Bloodlines
23:01 Husbandry
25:53 Chain Barding Armor
26:04 Forging
36:36 Iron Casting
41:21 Imperial Age
38:57 Gold Mining
38:59 Stone Mining
39:09 Heavy Plow
41:31 Cavalier
42:58 Light Cavalry
AutoClickerv3
6:38 Loom
13:50 Feudal Age
14:50 Double-Bit Axe
14:48 Horse Collar
18:38 Forging
18:28 Scale Mail Armor
20:39 Gold Mining
26:35 Castle Age
27:27 Fishing Lines
28:51 Wheelbarrow
29:38 Hand Cart
29:16 Gillnets
30:39 Bow Saw
41:07 Bloodlines
42:07 Husbandry
41:28 Light Cavalry
44:53 Imperial Age
42:37 Masonry
43:15 Medium Warships
43:59 Ballistics
43:36 Murder Holes
43:48 Scale Barding Armor
44:50 Chain Barding Armor
44:55 Hussar
46:50 Plate Barding Armor
47:02 Town Watch
47:59 Iron Casting
Zni.Locuss
3:03 Loom
10:14 Feudal Age
14:21 Castle Age
13:06 Town Watch
13:08 Double-Bit Axe
23:49 Wheelbarrow
26:02 Redemption
26:33 Sanctity
28:59 Horse Collar
29:30 Bow Saw
35:23 Imperial Age
33:35 Scale Mail Armor
34:10 Stone Mining
34:10 Gold Mining
34:31 Forging
36:25 Chain Mail Armor
37:12 Conscription
36:51 Elite Ghulam
38:52 Iron Casting
38:31 Squires
40:24 Stone Shaft Mining
40:24 Gold Shaft Mining
40:50 Two-Man Saw
42:35 Blast Furnace
42:24 Fletching
43:43 Bodkin Arrow
45:47 Hand Cart
czj136
4:35 Loom
11:47 Feudal Age
13:00 Double-Bit Axe
20:24 Castle Age
22:59 Fletching
24:14 Medium Warships
29:22 Imperial Age
27:00 Gold Mining
28:13 Padded Archer Armor
29:35 Leather Archer Armor
31:30 Chemistry
32:51 Town Watch
37:13 Ring Archer Armor
41:15 Bodkin Arrow
César UAM
5:01 Loom
11:04 Feudal Age
11:51 Double-Bit Axe
15:23 Forging
16:49 Scale Barding Armor
19:16 Gold Mining
19:08 Domestication
22:55 Castle Age
21:36 Man-at-Arms
22:02 Arson
22:20 Scale Mail Armor
23:20 Long Swordsman
24:00 Squires
23:46 Gambesons
24:25 Chain Mail Armor
24:46 Iron Casting
28:51 Wheelbarrow
27:57 Pikeman
35:40 Bow Saw
39:23 Imperial Age
37:08 Husbandry
39:17 Fletching
38:53 Heavy Cavalry Archer
39:46 Thumb Ring
40:53 Ballistics
41:41 Parthian Tactics
41:56 Bodkin Arrow
42:02 Padded Archer Armor
43:08 Chemistry
45:26 Two-Man Saw
44:45 Leather Archer Armor
44:31 Bracer
44:42 Pastoralism
46:06 Ring Archer Armor
CNZS_98T
8:54 Loom
12:06 Feudal Age
15:56 Castle Age
14:28 Double-Bit Axe
14:28 Horse Collar
15:00 Gold Mining
15:01 Fishing Lines
15:15 Town Watch
17:09 Bow Saw
16:51 Fletching
17:31 Heavy Plow
17:58 Bodkin Arrow
19:21 Wheelbarrow
20:02 Padded Archer Armor
20:58 Ballistics
33:30 Imperial Age
32:16 Leather Archer Armor
32:53 Hand Cart
32:29 Stone Mining
33:20 Caciques
34:20 Bracer
34:44 Conscription
34:47 Elite Blackwood Archer
36:58 Curare
40:52 Chemistry
43:02 Ring Archer Armor
42:34 Treadmill Crane
45:24 Two-Man Saw
45:01 Gold Shaft Mining
Håll Kaeften
4:07 Loom
10:55 Feudal Age
11:54 Double-Bit Axe
12:27 Horse Collar
12:41 Town Watch
14:12 Arson
15:10 Forging
26:04 Castle Age
24:09 Fishing Lines
26:09 Pikeman
26:49 Scale Mail Armor
27:34 Squires
28:38 Bow Saw
33:10 Chain Mail Armor
33:19 Fletching
37:41 Gold Mining
38:30 Bodkin Arrow
39:17 Heavy Plow
40:53 Wheelbarrow
40:24 Stone Mining
44:53 Imperial Age
42:58 Scale Barding Armor
44:29 Stone Shaft Mining
44:57 Iron Casting
44:51 Bloodlines
44:42 Husbandry
45:09 Hand Cart
45:31 Chain Barding Armor
45:59 Gold Shaft Mining
46:20 Plate Barding Armor
47:40 Blast Furnace
47:18 Stirrups
47:48 Bracer
Pummeluff
4:49 Loom
13:52 Feudal Age
15:18 Wheelbarrow
14:30 Double-Bit Axe
14:28 Fishing Lines
16:50 Stone Mining
19:34 Castle Age
17:41 Scale Barding Armor
17:47 Forging
17:56 Gold Mining
19:19 Bloodlines
20:34 Hand Cart
20:13 Gillnets
21:06 Bow Saw
24:04 Horse Collar
30:32 Chain Barding Armor
34:04 Husbandry
39:11 Heavy Plow
44:33 Town Watch
46:36 Gold Shaft Mining
46:36 Stone Shaft Mining
47:12 Iron Casting
Connection lost

Rejoining the realm…

Still unreachable

The connection could not be restored.

Session expired

The server has moved on; the page needs a fresh start.